 Dungeon Crawl Stone Soup version 0.30-a0-996-ga6910c8ee8 (webtiles) character file.

Game seed: 11226073995888803490

78469 kae the Naga Aeon (level 15, -14/165 HPs)
             Began as a Naga Transmuter on Apr 4, 2023.
             Was the Champion of Cheibriados.
             Killed from afar by an ogre mage (41 damage)
             ... with a bolt of magma
             ... on level 2 of the Orcish Mines.
             The game lasted 00:22:48 (22738 turns).

kae the Naga Aeon (Naga Transmuter)                Turns: 22738, Time: 00:22:48

Health: -14/165    AC: 12    Str: 29    XL:     15   Next: 60%
Magic:  19/27      EV: 19    Int: 40    God:    Cheibriados [******]
Gold:   2899       SH:  5    Dex: 27    Spells: 16/26 levels left

rFire   x . .      SeeInvis +      - Unarmed
rCold   + + +      Faith    .    (shield currently unavailable)
rNeg    . . .      Spirit   .    Z - melded +3 leather armour {rPois}
rPois   +          Reflect  +    (helmet currently unavailable)
rElec   .          Rampage  .    h - melded +2 cloak
rCorr   +                        (gloves currently unavailable)
Will    +....                    (no barding)
Stlth   ++                       f - amulet of Nidoist {Reflect rCorr Int+6 SH+5}
HPRegen 0.47/turn                Y - +4 ring of slaying
MPRegen 0.20/turn                y - +4 ring of slaying

@: ice-form (expiring), wereblooded, very slow
A: freezing attack, amphibious, boosted hp, AC +5, large, see invisible,
(deformed body), (poison resistance), (slowness 2), spit poison 1, (naga tail 2)
a: Spit Poison, End Transformation, Renounce Religion, Bend Time, Temporal
Distortion, Slouch, Step From Time


You were on level 2 of the Orcish Mines.
You worshipped Cheibriados.
Cheibriados was exalted by your worship.
You were a creature of crystalline ice.
You visited 4 branches of the dungeon, and saw 20 of its levels.
You also visited: Gauntlet.

You collected 2995 gold pieces.
You spent 96 gold pieces at shops.


Innate Abilities, Weirdness & Mutations

You are a creature of crystalline ice.
You have a powerful freezing melee attack.
You are amphibious.
Your maximum health is increased.
Your armour is entirely melded.
You are incapable of wielding weapons or throwing items.
((Your serpentine skin is tough. (AC +5)))
You have supernaturally acute eyesight. (SInv)
((Armour fits poorly on your strangely shaped body.))
((Your system is resistant to poisons. (rPois)))
((You cover ground very slowly.))
You can spit poison.
((You can use your snake-like lower body to constrict enemies.))


   Skills:
 - Level 10.0 Fighting
 - Level 10.0 Dodging
 + Level 14.2 Unarmed Combat
 - Level 6.0 Spellcasting
 - Level 8.0 Transmutations
 - Level 5.0 Ice Magic
 - Level 3.0 Poison Magic
 - Level 16.0 Invocations


You had 16 spell levels left.
You knew the following spells:

 Your Spells              Type           Power      Damage    Failure   Level
a - Beastly Appendage     Tmut           100%       N/A       1%          1
b - Wereblood             Tmut           66%        N/A       1%          2
c - Spider Form           Tmut/Pois      54%        N/A       1%          3
d - Ice Form              Ice/Tmut       59%        N/A       1%          4

Your spell library contained the following spells:

 Spells                   Type           Power      Damage    Failure   Level
 Sting                    Tmut/Pois      100%       1d8       1%          1
 Ensorcelled Hibernation  Hex/Ice        64%        N/A       1%          2
 Passwall                 Tmut/Erth      36%        N/A       1%          2
 Ignite Poison            Fire/Tmut/Pois 41%        N/A       1%          3
 Magic Dart               Conj           48%        1d5       2%          1
 Shock                    Conj/Air       48%        1d6       2%          1
 Summon Small Mammal      Summ           48%        N/A       2%          1
 Poisonous Vapours        Pois/Air       48%        N/A       2%          2
 Hailstorm                Conj/Ice       32%        3d8       2%          3
 Blade Hands              Tmut           33%        N/A       2%          5
 Lesser Beckoning         Tloc           24%        N/A       4%          2
 Searing Ray              Conj           24%        2d5       4%          2
 Call Canine Familiar     Summ           12%        N/A       8%          3
 Gell's Gravitas          Tloc           12%        N/A       8%          3
 Summon Guardian Golem    Hex/Summ       12%        N/A       8%          3
 Swiftness                Air            12%        N/A       8%          3
 Teleport Other           Tloc           12%        N/A       8%          3
 Olgreb's Toxic Radiance  Pois           36%        N/A       8%          4
 Alistair's Intoxication  Tmut/Pois      36%        N/A       8%          5
 Summon Ice Beast         Ice/Summ       32%        N/A       10%         4
 Airstrike                Air            6%         2d(1-17)  26%         4
 Animate Armour           Summ/Erth      24%        N/A       26%         4
 Cause Fear               Hex            6%         N/A       26%         4
 Fulminant Prism          Conj/Hex       6%         3d7       26%         4
 Summon Mana Viper        Hex/Summ       12%        N/A       58%         5
 Dragon Form              Tmut           33%        N/A       63%         7
 Simulacrum               Ice/Necr       16%        N/A       82%         6
 Iron Shot                Conj/Erth      6%         9d2       99%         6
 Monstrous Menagerie      Summ           6%         N/A       100%        7
 Dragon's Call            Summ           6%         N/A       100%        9

Inventory:

Missiles
 C - 26 stones
Armour
 h - a +2 cloak (melded)
   (You found it on level 1 of the Dungeon)
 Z - a +3 leather armour of poison resistance (melded)
   (You found it on level 2 of the Lair of Beasts)
Magical Staves
 a - a staff of cold {!a}
   (You took it off Fannar on level 10 of the Dungeon)
 n - a staff of earth {!a}
   (You found it on level 5 of the Dungeon)
 p - the staff of death "Anidach" {rElec rN+ Will+, !a}
   (You took it off a goblin on level 4 of the Dungeon)

   [staff of death]

   Base accuracy: +5 Base damage: 5 Base attack delay: 1.2 This weapon's minimum
   attack delay (0.6) is reached at skill level 12.
   rElec:     It insulates you from electricity.
   rN:        It protects you from negative energy.
   Will:      It increases your willpower.
   It falls into the 'Staves' category.
   It is a one-handed weapon.
 X - the staff of death "Vaemieni" {Fragile rN+ rCorr SInv, !a}
   (You found it on level 5 of the Lair of Beasts)

   [staff of death]

   Base accuracy: +5 Base damage: 5 Base attack delay: 1.2 This weapon's minimum
   attack delay (0.6) is reached at skill level 12.
   rN:        It protects you from negative energy.
   SInv:      It lets you see invisible.
   rCorr:     It protects you from acid and corrosion.
   Fragile:   It will be destroyed if unequipped.
   It falls into the 'Staves' category.
   It is a one-handed weapon.
Jewellery
 f - the amulet of Nidoist (around neck) {Reflect rCorr Int+6 SH+5}
   (You took it off an efreet on level 10 of the Dungeon)

   [amulet of reflection]

   It reflects blocked missile attacks.
   Int:       It affects your intelligence (+6).
   rCorr:     It protects you from acid and corrosion.
   SH:        It affects your SH (+5).
 i - the amulet of the Sky {Regen+ Dex+5}
   (You took it off a deep elf pyromancer on level 10 of the Dungeon)

   [amulet of regeneration]

   Dex:       It affects your dexterity (+5).
   Regen:     It increases your rate of health regeneration.
 r - the ring "Megengups" {Drain rF+ Int+3 Dex+2}
   (You took it off a centaur warrior on level 10 of the Dungeon)

   [ring of protection from fire]

   Int:       It affects your intelligence (+3).
   Dex:       It affects your dexterity (+2).
   rF:        It protects you from fire.
   Drain:     It drains your maximum health when unequipped.
 s - a +6 ring of strength
   (You found it on level 11 of the Dungeon)
 y - a +4 ring of slaying (right front paw)
   (You found it on level 1 of the Lair of Beasts)
 A - the ring of Nuzxil {rC- rCorr SInv Stlth+}
   (You took it off an orc knight on level 10 of the Dungeon)

   [ring of see invisible]

   rC:        It makes you vulnerable to cold.
   SInv:      It lets you see invisible.
   rCorr:     It protects you from acid and corrosion.
   Stlth:     It makes you more stealthy.
 D - a +6 ring of dexterity
   (You found it on level 10 of the Dungeon)
 I - a +6 ring of intelligence
   (You found it in a Gauntlet)
 N - a ring of positive energy
   (You found it on level 8 of the Dungeon)
 S - a +6 ring of strength
   (You found it on level 4 of the Dungeon)
 W - a ring of magical power
   (You found it on level 2 of the Lair of Beasts)
 Y - a +4 ring of slaying (left front paw)
   (You found it on level 4 of the Dungeon)
Wands
 t - a wand of roots (9)
   (You took it off Natasha on level 4 of the Dungeon)
 w - a wand of polymorph (6)
   (You found it on level 4 of the Dungeon)
 B - a wand of mindburst (8)
   (You found it on level 9 of the Dungeon)
 J - a wand of light (14)
   (You found it on level 1 of the Lair of Beasts)
 U - a wand of flame (1) (quivered)
   (You found it on level 4 of the Lair of Beasts)
Scrolls
 c - 3 scrolls of fear
 m - 4 scrolls of immolation {!r!r}
 o - a scroll of silence {!r}
 v - a scroll of torment {!r}
 E - 3 scrolls of enchant armour
 G - 3 scrolls of enchant weapon
 K - a scroll of amnesia
 L - 2 scrolls of magic mapping {!r}
 O - 4 scrolls of teleportation {@r4}
 P - 3 scrolls of fog
 R - a scroll of butterflies
 T - 2 scrolls of vulnerability {!r!r}
 V - 6 scrolls of identify {@r1}
Potions
 b - 4 potions of lignification {!q}
 d - 5 potions of mutation {!q}
 e - 3 potions of invisibility
 g - 6 potions of attraction {!q}
 j - 2 potions of resistance
 k - a potion of flight
 l - a potion of berserk rage {!q}
 q - 3 potions of cancellation
 u - 6 potions of heal wounds {@q2}
 x - 3 potions of magic
 z - 2 potions of might
 F - 3 potions of haste {forbidden@q3}
 H - 6 potions of curing {@q1}
 M - 2 potions of brilliance
 Q - a potion of ambrosia

Dungeon Overview and Level Annotations

Branches:
Dungeon (12/15) Zot: 38053  Temple (1/1) D:4 Zot: 8606    Lair (5/5) D:8 Zot: 32326
  Swamp (0/4) Lair:3        Snake (0/4) Lair:3        Slime (0/5) Lair:5
    Orc (2/2) D:12 Zot: 14750 Gauntlet (visited)
    Elf: Orc:2

Altars:
Ashenzari
Cheibriados
Dithmenos
Elyvilon
Fedhas
Gozag
Hepliaklqana
Kikubaaqudgha
Makhleb
Nemelex Xobeh
Okawaru
Qazlal
Ru
Sif Muna
Trog
Uskayaw
Vehumet
Wu Jian
Xom
Yredelemnul
Zin
The Shining One

Shops:
D:1 =   D:7 !   Orc:2 =([?

Annotations:
D:8 exclusions: upstairs and 8 more exclusions
D:10 Snorg

......O........
.O...............
.OO..............
.O.O.......∩.O..
...##T......TC..T
O.# ####....$#...
# ## #.).O......
## ##)O)...... .#
##(Y)## .#
#..O).### ##
##.##)..#### #
### ## ##...#.###
# #.# #..##...##
###.# ###
#..#..#..##
#...#### ##.#
#....###..#
.......## ##..#
#.#....#..####
........####...#
####..#...##.###


You could see an ogre mage (invisible), a cyclops, a troll and 3 ogres.


Message History

You regained 3 hp, and now have 107/165 hp.
You pummel the ogre!! You freeze the ogre.
You feel a bit better.
You kill the ogre!
Cheibriados appreciates the change of pace.
You howl as the wereblood boils in your veins!
The ogre mage barely misses you. 😮 HP[+4]
You regained 4 hp, and now have 111/165 hp.
You pulverise the ogre!!!
You freeze the ogre.
You feel a bit better.
You kill the ogre!
Cheibriados thoroughly appreciates the change of pace.
You block the two-headed ogre's attack.
The two-headed ogre barely misses you. 😮 HP[+2] MP[+1]
You regained 2 hp, and now have 113/165 hp.
You pummel the two-headed ogre!! You freeze the two-headed ogre.
The ogre mage hits you but does no damage.
You pummel the two-headed ogre!! You freeze the two-headed ogre!
You feel a bit better.
You kill the two-headed ogre!
Cheibriados thoroughly appreciates the change of pace.
You howl as the wereblood boils in your veins!
Your Unarmed Combat skill increases to level 14! 😮 HP[+4]
You regained 4 hp, and now have 117/165 hp.
You squash the ogre like an ant!!!
You freeze the ogre.
You feel a bit better.
You kill the ogre!
Cheibriados thoroughly appreciates the change of pace.
The deep troll barely misses you. The deep troll misses you.
The deep troll claws you but does no damage.
The ogre mage barely misses you. 😮 HP[+2]
You regained 2 hp, and now have 119/165 hp.
You pummel the deep troll!! You freeze the deep troll!
You punch the deep troll! You freeze the deep troll.
You feel a bit better.
You kill the deep troll!
Cheibriados appreciates the change of pace.
The ogre closely misses you.
You block the ogre mage's attack. 😮 HP[+3]
You regained 3 hp, and now have 122/165 hp.
You pummel the ogre!! You freeze the ogre.
You feel a bit better.
You kill the ogre!
Cheibriados thoroughly appreciates the change of pace.
You hear a shout! 😕 HP[+3] MP[+1]
You regained 3 hp, and now have 125/165 hp.
You hit the troll. You freeze the troll.
You howl as the wereblood boils in your veins!
You hear a shout!
You block the troll's attack. The troll completely misses you.
The troll misses you.
The troll shouts!
The ogre hits you with a +0 giant club! The ogre mage hits you with a +0 flail.
The troll misses you. The troll claws you but does no damage.
The troll closely misses you. The cyclops hits you! The troll misses you.
The troll completely misses you. The troll claws you but does no damage.
The ogre hits you with a +0 giant spiked club! 😮 HP[-33]
You take 33 damage, and now have 92/165 hp.
You pummel the cyclops!! You freeze the cyclops! The ogre closely misses you.
The ogre mage closely misses you. The cyclops hits you!!
* * * LOW HITPOINT WARNING * * *
😨 HP[-21]
You take 21 damage, and now have 71/165 hp.
Unknown command.
You pulverise the cyclops!!!
You freeze the cyclops.
You feel a bit better.
You kill the cyclops!
Cheibriados appreciates the change of pace.
The troll barely misses you. The troll misses you.
The troll closely misses you.
The ogre hits you with a +0 giant spiked club!!
* * * LOW HITPOINT WARNING * * *
😨 HP[-29]
You take 29 damage, and now have 42/165 hp.
Activating: Slouch (0% risk of failure)
Press: ? - help, Dir - look around, f - activate You can feel time thicken for a moment.
You feel a bit better.
You kill the ogre!
Cheibriados appreciates the change of pace.
You feel a bit better.
You kill the ogre!
Cheibriados appreciates the change of pace.
Your transformation is almost over.
The troll misses you. The troll completely misses you. x2
The ogre mage casts a spell at you. The bolt of magma hits you!!
The lava burns you terribly!
* * * LOW HITPOINT WARNING * * *
The bolt of magma hits the troll!!
The troll dies!
The bolt of magma hits the ogre!!
The ogre dies! 😱 HP[-17] MP[-4]
You take 17 damage, and now have 25/165 hp.
You lost 4 mp, and now have 19/27 mp.
You pummel the troll like a punching bag!!!
You freeze the troll.
You feel a bit better.
You kill the troll!
Cheibriados appreciates the change of pace.
The ogre mage gestures at you while chanting.
The bolt of magma hits you!!! The lava burns you terribly!
You die...

Skill      XL: |  1  2  3  4  5  6  7  8  9 10 11 12 13 14 15 |
---------------+----------------------------------------------+-----
Transmutations | 3 4 6 7 8 |  8.0
Poison Magic   | 1 2 3 |  3.0
Unarmed Combat | 4 5 8 10 11 14 | 14.2
Spellcasting   | 3 4 5 6 |  6.0
Ice Magic      | 3 5 |  5.0
Fighting       | 7 10 | 10.0
Dodging        | 5 8 10 | 10.0
Invocations    | 3 8 12 16 | 16.0

Action                     |  1- 3 |  4- 6 |  7- 9 | 10-12 | 13-15 || total
---------------------------+-------+-------+-------+-------+-------++-------
  Melee: Unarmed           |    83 |   102 |   173 |   283 |   690 ||  1331
         Headbutt          |     9 |     7 |       |       |       ||    16
         Punch             |     1 |     1 |     1 |       |     1 ||     4
         Staff             |       |     1 |    14 |       |       ||    15
         Constrict         |       |       |       |       |     2 ||     2
   Cast: Beastly Appendage |    21 |    12 |       |       |       ||    33
         Spider Form       |       |    13 |    20 |       |       ||    33
         Wereblood         |       |       |    12 |    18 |    34 ||    64
         Ice Form          |       |       |    13 |    45 |    87 ||   145
 Invoke: Bend Time         |       |       |       |     2 |       ||     2
         Step From Time    |       |       |       |       |     1 ||     1
         Slouch            |       |       |       |       |     2 ||     2
Ability: Spit Poison       |    23 |    23 |     9 |     3 |       ||    58
  Evoke: Wand              |       |       |       |     3 |     3 ||     6
    Use: Scroll            |       |     7 |     8 |    10 |    11 ||    36
         Potion            |       |     1 |       |     1 |     3 ||     5
   Stab: Invisible         |       |       |       |     1 |       ||     1
         Distracted        |       |       |       |       |     1 ||     1
 Armour: Robe              |    38 |    20 |    12 |     1 |     1 ||    72
         Skin              |       |     4 |    43 |    89 |   186 ||   322
  Dodge: Dodged            |    45 |    85 |   156 |   147 |   771 ||  1204
  Block: Other             |       |       |    13 |    59 |   195 ||   267
         Reflection        |       |       |       |       |     4 ||     4

Levels and vault maps discovered:
D:1:      roderic_chinese_lattice_arrival, layout_loops_corners, serial_shops,
          shop
D:2:      layout_basic, minmay_misc_feat_columns, minmay_cut_off
D:3:      layout_basic, mainiacjoe_overflow_surrounded_room
D:4:      minmay_chambers_of_twos, layout_rooms, minmay_temple_entry_trees,
          uniq_pikel, uniq_natasha
D:5:      layout_rooms
D:6:      layout_gridville
D:7:      layout_rooms, nicolae_qazlal_general_emergency,
          nicolae_overflow_hidden_temple, mainiacjoe_overflow_small_starburst,
          nicolae_wooded_promenade, uniq_crazy_yiuf_cottage, uniq_menkaure
D:8:      layout_rooms, vehumet_crystals,
          mainiacjoe_overflow_concentric_impassable,
          chequers_temple_overflow_minitemple, david_lair_generic
D:9:      layout_basic
D:10:     minmay_the_grid_triangle_9x9_rhombus_thin_mashed
          [minmay_the_grid_triangle_9x9_warning,
          minmay_the_grid_triangle_9x9_prize_special,
          minmay_the_grid_triangle_9x9_thin_v,
          minmay_the_grid_triangle_9x9_steps], layout_rooms, uniq_fannar,
          uniq_snorg, uniq_josephine, uniq_sonja
D:11:     dreamdust_cave_troll, layout_irregular_city
D:12:     layout_grid_maze, hiddenorc1_lemuel
Temple:   nicolae_temple_bog_church
Lair:1:   layout_long_grid
Lair:2:   cheibrodos_lair_overgrown_chateau, layout_big_grid, basic_altar
Lair:3:   layout_cellular_growth, palyth_hydra_swamp_entry,
          guppyfry_snake_entry_island, guppyfry_lair_drakes,
          infiniplex_staircase_pool_2, lemuel_fruit_fields
Lair:4:   layout_cave_pods, gauntlet_entry_generic, serial_bayou_pond_a
Lair:5:   minmay_lair_end_frog_pond, layout_gridlike, slime_entry_1
Orc:1:    layout_caves, bloody_makhleb, uniq_urug
Orc:2:    st_orc_open, layout_diamond_mine, nicolae_orc_stony_grotto

Notes
Turn   | Place    | Note
-------+----------+-------------------------------------------
     0 | D:1      | kae the Naga Transmuter began the quest for the Orb.
     0 | D:1      | Reached XP level 1. HP: 18/18 MP: 3/3
     0 | D:1      | magus.rc [v1.11.3]
   156 | D:1      | Found Riogec's Jewellery Boutique.
   227 | D:1      | Reached XP level 2. HP: 8/25 MP: 3/5
   799 | D:1      | Reached XP level 3. HP: 21/31 MP: 6/6
   802 | D:1      | Learned a level 2 spell: Wereblood
   806 | D:1      | Learned a level 3 spell: Spider Form
  1064 | D:2      | Reached skill level 3 in Transmutations
  1064 | D:2      | Reached skill level 1 in Poison Magic
  1209 | D:2      | You pick up a book of Callings and begin reading...
  1209 | D:2      | You add the spells Summon Small Mammal, Call Canine
                  | Familiar and Summon Guardian Golem to your library.
  1284 | D:2      | Reached XP level 4. HP: 31/38 MP: 7/7
  1917 | D:3      | Reached skill level 2 in Poison Magic
  2208 | D:3      | Found an opulent altar of Gozag.
  2550 | D:4      | Reached XP level 5. HP: 44/44 MP: 9/9
  2561 | D:4      | You pick up a book of Conjurations and begin reading...
  2561 | D:4      | You add the spells Magic Dart, Searing Ray and Fulminant
                  | Prism to your library.
  2663 | D:4      | Reached skill level 3 in Poison Magic
  2673 | D:4      | Identified the staff of death "Anidach" {rElec rN+ Will+}
  2740 | D:4      | Reached skill level 4 in Transmutations
  2808 | D:4      | Noticed Natasha
  2816 | D:4      | Killed Natasha
  2817 | D:4      | Reached skill level 4 in Unarmed Combat
  2817 | D:4      | Reached skill level 3 in Spellcasting
  2817 | D:4      | Reached XP level 6. HP: 44/51 MP: 10/10
  2929 | D:4      | Noticed Natasha
  2936 | D:4      | Killed Natasha
  2979 | D:4      | Found a staircase to the Ecumenical Temple.
  3161 | D:4      | Noticed Natasha
  3168 | D:4      | Killed Natasha
  3326 | D:4      | Noticed Pikel
  3339 | D:4      | Killed Pikel
  3340 | D:4      | Reached skill level 4 in Spellcasting
  3340 | D:4      | Reached skill level 6 in Transmutations
  3340 | D:4      | Reached XP level 7. HP: 49/57 MP: 10/13
  3484 | Temple   | Entered the Ecumenical Temple
  3660 | Temple   | Became a worshipper of Cheibriados the Contemplative
  3690 | D:5      | Entered Level 5 of the Dungeon
  3706 | D:5      | Reached skill level 5 in Unarmed Combat
  3760 | D:5      | Reached XP level 8. HP: 61/64 MP: 14/14
  3777 | D:5      | You pick up a book of Air and begin reading...
  3777 | D:5      | You add the spells Shock, Swiftness and Airstrike to your
                  | library.
  3813 | D:5      | Learned a level 4 spell: Ice Form
  3988 | D:5      | Reached skill level 1 in Ice Magic
  3994 | D:5      | HP: 16/64 [dart slug/slug dart (4)]
  4011 | D:5      | HP: 16/64 [adder (2)]
  4016 | D:5      | HP: 10/64 [poisoned by an adder]
  4021 | D:5      | HP: 8/64 [poisoned by an adder]
  4334 | D:5      | Reached * piety under Cheibriados
  4790 | D:6      | Reached skill level 7 in Transmutations
  4790 | D:6      | Reached skill level 2 in Ice Magic
  5103 | D:6      | Reached skill level 3 in Ice Magic
  5241 | D:6      | Reached ** piety under Cheibriados
  5243 | D:6      | Reached skill level 5 in Spellcasting
  5243 | D:6      | Reached XP level 9. HP: 69/70 MP: 14/16
  5292 | D:7      | Noticed Menkaure
  5329 | D:7      | Found a glowing silver altar of Zin.
  5330 | D:7      | Killed Menkaure
  5331 | D:7      | Reached skill level 6 in Unarmed Combat
  5356 | D:7      | Reached skill level 4 in Ice Magic
  5727 | D:7      | Found Fiafauko's Distillery.
  5904 | D:7      | Reached skill level 8 in Transmutations
  5974 | D:7      | Bought a potion of berserk rage for 60 gold pieces
  5974 | D:7      | Bought a potion of attraction for 36 gold pieces
  6010 | D:7      | Found a stormy altar of Qazlal.
  6212 | D:7      | Found a runed translucent door.
  6213 | D:7      | Noticed Crazy Yiuf
  6217 | D:7      | Killed Crazy Yiuf
  6364 | D:8      | Found a broken altar of Ashenzari.
  6405 | D:8      | Found a staircase to the Lair.
  6405 | D:8      | Noticed an elephant
  6419 | D:7      | Reached skill level 5 in Ice Magic
  6461 | D:8      | Killed an elephant
  6461 | D:8      | Reached *** piety under Cheibriados
  6462 | D:8      | Reached skill level 7 in Unarmed Combat
  6462 | D:8      | Reached skill level 6 in Spellcasting
  6482 | D:7      | Found an iron altar of Okawaru.
  6631 | D:8      | Reached skill level 8 in Unarmed Combat
  6640 | D:8      | Reached XP level 10. HP: 73/78 MP: 14/19
  6642 | D:8      | Found a radiant altar of Vehumet.
  6927 | D:8      | Found a faded altar of an unknown god.
  6927 | D:8      | Found a sparkling altar of Nemelex Xobeh.
  6935 | D:8      | Found a faded altar of an unknown god.
  6937 | D:8      | Found a shadowy altar of Dithmenos.
  6939 | D:8      | Found a glowing golden altar of the Shining One.
  7086 | D:8      | Identified a scroll of acquirement
  7087 | D:8      | Acquired 674 gold pieces
  7135 | D:9      | Reached skill level 9 in Unarmed Combat
  7302 | D:9      | Reached **** piety under Cheibriados
  7487 | D:9      | Reached skill level 10 in Unarmed Combat
  7770 | D:9      | Reached skill level 2 in Fighting
  7925 | D:9      | Reached skill level 3 in Fighting
  7931 | D:9      | Reached skill level 4 in Fighting
  8171 | D:9      | Reached skill level 5 in Fighting
  8481 | D:10     | Entered Level 10 of the Dungeon
  8481 | D:10     | Noticed Josephine
  8491 | D:9      | Reached skill level 6 in Fighting
  8573 | D:10     | Noticed Sonja
  8589 | D:10     | Killed Sonja
  8590 | D:10     | Reached skill level 7 in Fighting
  8590 | D:10     | Reached XP level 11. HP: 61/103 MP: 18/20
  8765 | D:10     | Reached skill level 8 in Fighting
  8790 | D:10     | Noticed a two-headed ogre
  8793 | D:10     | Killed a two-headed ogre
  8863 | D:10     | Noticed Snorg
  8894 | D:10     | Reached skill level 9 in Fighting
  8933 | D:10     | Reached ***** piety under Cheibriados
  8954 | D:10     | Identified the ring "Megengups" {Drain rF+ Int+3 Dex+2}
  8954 | D:10     | Noticed a centaur warrior
  8955 | D:10     | Identified the amulet of Nidoist {Reflect rCorr Int+6 SH+5}
  8958 | D:10     | Noticed an orc knight
  8962 | D:10     | Killed a centaur warrior
  9144 | Lair:1   | Entered Level 1 of the Lair of Beasts
  9148 | Lair:1   | Reached skill level 10 in Fighting
  9153 | Lair:1   | Reached skill level 2 in Dodging
  9227 | Lair:1   | Reached skill level 3 in Dodging
  9578 | Lair:1   | You pick up a book of Displacement and begin reading...
  9578 | Lair:1   | You add the spells Lesser Beckoning, Gell's Gravitas and
                  | Teleport Other to your library.
  9595 | Lair:1   | Identified the +2 quarterstaff of the Forging Oracle
                  | {heavy, rPois Will+ Int-5}
  9623 | Lair:1   | Reached skill level 4 in Dodging
  9634 | Lair:1   | Reached skill level 1 in Invocations
  9637 | Lair:1   | HP: 32/129 [blink frog (6)]
  9642 | Lair:1   | Reached skill level 2 in Invocations
  9648 | Lair:1   | Reached skill level 5 in Dodging
  9655 | Lair:1   | Reached skill level 3 in Invocations
  9655 | Lair:1   | Reached XP level 12. HP: 64/116 MP: 14/21
  9772 | Lair:1   | Reached skill level 4 in Invocations
 10069 | Lair:1   | Reached skill level 6 in Dodging
 10069 | Lair:1   | Reached skill level 5 in Invocations
 10098 | Lair:1   | You pick up a book of Burglary and begin reading...
 10098 | Lair:1   | You add the spells Passwall and Ensorcelled Hibernation to
                  | your library.
 10483 | Lair:2   | Reached skill level 6 in Invocations
 10775 | Lair:2   | You pick up a book of the Dragon and begin reading...
 10775 | Lair:2   | You add the spells Cause Fear, Dragon Form and Dragon's
                  | Call to your library.
 10943 | Lair:2   | Found an ancient bone altar of Kikubaaqudgha.
 11090 | Lair:2   | Noticed a seven-headed hydra
 11166 | Lair:3   | Noticed a six-headed hydra
 11178 | Lair:3   | Killed a six-headed hydra
 11179 | Lair:3   | Reached skill level 7 in Dodging
 11179 | Lair:3   | Reached skill level 7 in Invocations
 11238 | Lair:3   | Found a staircase to the Snake Pit.
 11310 | Lair:3   | Noticed a boulder beetle
 11320 | Lair:3   | Killed a boulder beetle
 11357 | Lair:3   | Reached skill level 8 in Invocations
 11490 | Lair:3   | Reached ****** piety under Cheibriados
 11650 | Lair:3   | Reached skill level 8 in Dodging
 11652 | Lair:3   | Gained mutation: You can use your snake-like lower body to
                  | constrict enemies. [Naga growth]
 11652 | Lair:3   | Reached XP level 13. HP: 97/123 MP: 16/22
 12086 | Lair:3   | Reached skill level 9 in Invocations
 12329 | Lair:3   | Found a staircase to the Swamp.
 12662 | Lair:4   | Found a gate leading to a gauntlet.
 12725 | Gauntlet | Entered a Gauntlet
 12725 | Gauntlet | Found a transporter.
 12728 | Gauntlet | Found a transporter.
 12732 | Gauntlet | Found a transporter.
 12737 | Gauntlet | Found a transporter.
 12741 | Gauntlet | Found a transporter.
 12746 | Gauntlet | Found a transporter.
 12753 | Gauntlet | Found a transporter.
 12757 | Gauntlet | Found a transporter.
 12762 | Gauntlet | Found a transporter.
 12770 | Gauntlet | Found a transporter.
 12770 | Gauntlet | Found a transporter.
 12776 | Gauntlet | Noticed a quicksilver ooze
 12778 | Gauntlet | Found a transporter.
 12801 | Gauntlet | Found a transporter.
 12805 | Gauntlet | Found a runed translucent door.
 12826 | Gauntlet | Found a transporter.
 13072 | Gauntlet | Reached skill level 9 in Dodging
 13077 | Gauntlet | Reached skill level 10 in Invocations
 13252 | Gauntlet | Noticed a minotaur
 13259 | Gauntlet | Killed a minotaur
 13336 | Gauntlet | You pick up a book of Iron and begin reading...
 13336 | Gauntlet | You add the spells Animate Armour, Blade Hands and Iron
                  | Shot to your library.
 13531 | Lair:4   | Reached skill level 11 in Invocations
 13551 | Lair:4   | Identified the +7 whip of Sariup {freeze, rF++ Str+7}
 13643 | Lair:4   | Reached skill level 10 in Dodging
 13693 | Lair:4   | Reached skill level 12 in Invocations
 14038 | Lair:4   | Reached XP level 14. HP: 132/132 MP: 19/23
 14658 | Lair:5   | Entered Level 5 of the Lair of Beasts
 14683 | Lair:5   | HP: 38/158 [bullfrog (5)]
 14686 | Lair:5   | HP: 18/158 [skyshark (4)]
 14700 | Lair:4   | HP: 34/158 [skyshark (9)]
 14705 | Lair:4   | Reached skill level 13 in Invocations
 15128 | Lair:5   | Reached skill level 14 in Invocations
 15466 | Lair:5   | Found a staircase to the Slime Pits.
 15472 | Lair:5   | Reached skill level 15 in Invocations
 15540 | Lair:5   | HP: 39/158 [electric eel/bolt of electricity (10)]
 15540 | Lair:5   | HP: 19/158 [blink frog (11)]
 15542 | Lair:5   | HP: 5/132 [electric eel/bolt of electricity (12)]
 15548 | Lair:5   | HP: 25/158 [electric eel/bolt of electricity (15)]
 16428 | Lair:5   | Identified the staff of death "Vaemieni" {Fragile rN+ rCorr
                  | SInv}
 17166 | D:10     | Killed Josephine
 17167 | D:10     | Reached skill level 16 in Invocations
 17251 | D:10     | Identified the amulet of the Sky {Regen+ Dex+5}
 17610 | D:10     | Noticed Fannar
 17620 | D:10     | Killed Fannar
 17923 | D:10     | Identified the +1 great mace of Success {freeze, rC+}
 17923 | D:10     | Identified the ring of Nuzxil {rC- rCorr SInv Stlth+}
 17936 | D:10     | Reached skill level 11 in Unarmed Combat
 18380 | D:11     | You pick up a book of Beasts and begin reading...
 18380 | D:11     | You add the spells Summon Ice Beast, Summon Mana Viper and
                  | Monstrous Menagerie to your library.
 18407 | D:11     | You add the spells Sting, Poisonous Vapours, Ignite Poison,
                  | Olgreb's Toxic Radiance and Alistair's Intoxication to your
                  | library.
 18407 | D:11     | Got Odostruri's Catalogue of Envenoming
 18597 | D:11     | Reached XP level 15. HP: 138/138 MP: 27/27
 19600 | D:12     | Reached skill level 12 in Unarmed Combat
 19818 | D:12     | You pick up a book of the Tundra and begin reading...
 19818 | D:12     | You add the spells Hailstorm and Simulacrum to your
                  | library.
 20053 | D:12     | Found a staircase to the Orcish Mines.
 20681 | Orc:1    | Entered Level 1 of the Orcish Mines
 20707 | Orc:1    | Noticed Urug
 20717 | Orc:1    | Killed Urug
 21093 | Orc:1    | Found a burning altar of Makhleb.
 21193 | Orc:2    | Entered Level 2 of the Orcish Mines
 21867 | Orc:2    | Found Kuvah's Jewellery Shop.
 21867 | Orc:2    | Found Emasir's Magic Scroll Boutique.
 21867 | Orc:2    | Found Huham's Antique Weapon Emporium.
 21867 | Orc:2    | Found Dups's Antique Armour Boutique.
 22215 | Orc:1    | Noticed an orc warlord
 22223 | Orc:1    | Reached skill level 13 in Unarmed Combat
 22231 | Orc:1    | Killed an orc warlord
 22729 | Orc:2    | Reached skill level 14 in Unarmed Combat
 22737 | Orc:2    | HP: 25/165 [ogre mage/bolt of magma (21)]
 22738 | Orc:2    | Killed from afar by an ogre mage

Vanquished Creatures
  An orc warlord (Orc:1)
  A minotaur (Gauntlet)
  An ettin (Orc:2)
  Josephine (D:10)
  Fannar (D:10)
  5 hydras
  An ogre mage (Orc:2)
  2 centaur warriors
  9 two-headed ogres
  2 boulder beetles
  A death scarab (Gauntlet)
  Urug (Orc:1)
  Sonja (D:10)
  3 skysharks
  A spectral catoblepas (Gauntlet)
  3 deep trolls
  A lindwurm (Lair:2)
  An orc knight (D:10)
  Pikel (D:4)
  A deep elf pyromancer (D:10)
  An ugly thing (D:10)
  An orc sorcerer (Orc:1)
  A manticore (D:11)
  5 cyclopes
  A slime creature (D:10)
  3 black mambas
  An unseen horror (D:10)
  11 elephants
  21 cane toads
  12 komodo dragons
  A freezing wraith (D:10)
  3 rime drakes
  An efreet (D:10)
  A polar bear (Lair:3)
  11 trolls
  5 large abominations (Gauntlet)
  3 hornets
  2 tyrant leeches
  15 dream sheep
  29 blink frogs
  11 flying skulls (Gauntlet)
  2 shadows
  57 yaks
  8 wraiths
  5 wyverns
  13 vampire mosquitoes
  3 basilisks
  Menkaure (D:7)
  2 swamp worms (Lair:3)
  4 wargs
  A naga (Lair:3)
  3 acid dragons
  16 water moccasins
  9 small abominations (Gauntlet)
  17 orc warriors
  3 black bears
  12 ogres
  A lemure (D:4)
  A centaur (D:10)
  2 phantoms
  3 kobold brigands
  27 bullfrogs
  A gnoll sergeant (D:12)
  2 scorpions
  3 wights (D:9)
  3 killer bees (D:6)
  5 electric eels
  13 howler monkeys
  2 jellies
  4 hounds
  15 orc priests
  Crazy Yiuf (D:7)
  3 iguanas
  3 sleepcaps
  Natasha (thrice) (D:4)
  25 orc wizards
  4 hell rats (Lair:5)
  8 gnolls
  7 adders
  A white imp (D:6)
  An ufetubus (D:5)
  2 worms
  2 dart slugs
  76 orcs
  4 bats
  7 endoplasms
  2 giant cockroaches
  7 goblins
  10 hobgoblins
  6 jackals (D:3)
  4 quokkas
  8 ball pythons
  5 frilled lizards
  15 kobolds
  9 rats
628 creatures vanquished.

Vanquished Creatures (others)
  A troll (Orc:2)
  A blink frog (Lair:5)
  An ogre (Orc:2)
  A bullfrog (Lair:5)
  An orc (D:7)
  42 fungi
  148 plants
195 creatures vanquished.

Grand Total: 823 creatures vanquished

Table legend:
 A = Non-vault XP
 B = Vault XP
 C = Vault XP percentage of total XP
 D = Non-vault monster count
 E = Vault monster count
 F = Vault count percentage of total count
                 A         B        C        D         E       F
            +---------+---------+-------+---------+---------+-------
      Total |   63897 |   48498 |  43.1 |     451 |     178 |  28.3
            +---------+---------+-------+---------+---------+-------
        D:1 |      35 |       0 |   0.0 |      21 |       0 |   0.0
        D:2 |      47 |       8 |  14.5 |      15 |       5 |  25.0
        D:3 |      71 |       0 |   0.0 |      15 |       0 |   0.0
        D:4 |     235 |     715 |  75.3 |      21 |      10 |  32.3
        D:5 |     558 |       0 |   0.0 |      20 |       0 |   0.0
        D:6 |     880 |       0 |   0.0 |      24 |       0 |   0.0
        D:7 |     455 |     544 |  54.5 |       8 |       4 |  33.3
        D:8 |     986 |     544 |  35.6 |      18 |       2 |  10.0
        D:9 |    3115 |     414 |  11.7 |      36 |       2 |   5.3
       D:10 |    3284 |    8283 |  71.6 |      17 |      20 |  54.1
       D:11 |    4146 |     660 |  13.7 |      25 |       1 |   3.8
       D:12 |    4114 |     177 |   4.1 |      17 |      17 |  50.0
     Lair:1 |    8714 |       0 |   0.0 |      39 |       0 |   0.0
     Lair:2 |    2940 |    3552 |  54.7 |      12 |      13 |  52.0
     Lair:3 |    5880 |    3597 |  38.0 |      18 |      10 |  35.7
     Lair:4 |   12924 |    1487 |  10.3 |      40 |       6 |  13.0
     Lair:5 |    9503 |    8208 |  46.3 |      36 |      33 |  47.8
      Orc:1 |    4262 |     796 |  15.7 |      41 |       1 |   2.4
      Orc:2 |    1748 |   11729 |  87.0 |      28 |      26 |  48.1
   Gauntlet |       0 |    7784 | 100.0 |       0 |      28 | 100.0
            +---------+---------+-------+---------+---------+-------

Illustrated notes

Table legend:
 A = Kills in this place as a percentage of kills in the entire game.
 B = Kills by you in this place as a percentage of kills by you in the entire game.
 C = Kills by friends in this place as a percentage of kills by friends in the entire game.
 D = Other kills in this place as a percentage of other kills in the entire game.
 E = Experience gained in this place as a percentage of experience gained in the entire game.
 F = Experience gained in this place divided by the number of levels of this place that you have seen.
                   A       B       C       D       E      F
               +-------+-------+-------+-------+-------+----------------------
         Total | 100.0 | 100.0 |   N/A | 100.0 | 100.0 | 5352.1
       Dungeon |  47.4 |  47.5 |   N/A |   0.0 |  26.0 | 2439.2
          Lair |  32.9 |  33.0 |   N/A |   0.0 |  50.5 | 11361.0
  Orcish Mines |  15.3 |  15.0 |   N/A | 100.0 |  16.5 | 9267.5
      Gauntlet |   4.5 |   4.5 |   N/A |   0.0 |   6.9 | 7784.0
               +-------+-------+-------+-------+-------+----------------------

Table legend: (Time is in decaauts)
 A = Elapsed time spent in this place.
 B = Non-inter-level travel time spent in this place.
 C = Inter-level travel time spent in this place.
 D = Time resting spent in this place.
 E = Time spent auto-exploring this place.
 F = Levels seen in this place.
 G = Mean time per level.
                   A        B        C        D        E       F      G
               +--------+--------+--------+--------+--------+-----+--------+
         Total |  36902 |  34834 |   2068 |   1790 |  28468 |  21 | 1757.2 |
       Dungeon |  19484 |  18285 |   1199 |    606 |  15428 |  12 | 1623.7 |
        Temple |    270 |    211 |     59 |      0 |    197 |   1 |  270.0 |
          Lair |  12671 |  12034 |    637 |    628 |   9799 |   5 | 2534.2 |
  Orcish Mines |   3245 |   3073 |    172 |    468 |   2233 |   2 | 1622.5 |
      Gauntlet |   1231 |   1231 |      0 |     87 |    810 |   1 | 1231.0 |
               +--------+--------+--------+--------+--------+-----+--------+

Top non-repeatable levels by time:
  Lair:5: 2922 daAuts
  Lair:4: 2779 daAuts
     D:9: 2661 daAuts
  Lair:3: 2660 daAuts
    D:12: 2449 daAuts
    D:10: 2449 daAuts
  Lair:1: 2155 daAuts
  Lair:2: 2153 daAuts
    D:11: 2151 daAuts
   Orc:2: 1775 daAuts
     D:7: 1668 daAuts
     D:8: 1485 daAuts
   Orc:1: 1470 daAuts
     D:4: 1278 daAuts
     D:1: 1268 daAuts
